 Dungeon Crawl Stone Soup version 0.28-a0-8-g6e044cfa68 (webtiles) character file.

Game seed: 17858941970545600514

10 Sin92 the Skirmisher (level 2, -2/24 HPs)
             Began as a Demonspawn Fighter on July 24, 2021.
             Slain by Terence (7 damage)
             ... on level 2 of the Dungeon.
             The game lasted 00:00:41 (872 turns).

Sin92 the Skirmisher (Demonspawn Fighter)            Turns: 872, Time: 00:00:41

Health: -2/24      AC:  6    Str: 16    XL:     2   Next: 10%
Magic:  2/2        EV:  7    Int:  9    God:
Gold:   40         SH: 12    Dex: 12    Spells: 1/1 levels left

rFire   . . .      SeeInvis .   a - +0 war axe
rCold   . . .      Faith    .   c - +0 kite shield
rNeg    . . .      Spirit   .   b - +0 scale mail
rPois   .          Reflect  .   (no helmet)
rElec   .          Harm     .   (no cloak)
rCorr   .          Rampage  .   (no gloves)
Will    .....                   (no boots)
Stlth   ..........              (no amulet)
HPRegen 0.08/turn               (no ring)
MPRegen 0.08/turn               (no ring)

@: no status effects
A: large bone plates 1
a: no special abilities


You were on level 2 of the Dungeon.
You visited 1 branch of the dungeon, and saw 2 of its levels.

You collected 40 gold pieces.

Inventory:

Hand Weapons
 a - a +0 war axe (weapon)
Armour
 b - a +0 scale mail (worn)
 c - a +0 kite shield (worn)
Scrolls
 i - 2 scrolls of vulnerability {unknown}
 k - a scroll of brand weapon {unknown}
 l - a scroll of teleportation {unknown}
 m - a scroll of blinking {unknown}
 n - a scroll of identify {unknown}
Potions
 d - 2 potions of might
 e - a potion of heal wounds {unknown}
 f - a potion of brilliance {unknown}
 g - 2 potions of magic {unknown}
 h - a potion of berserk rage {unknown}


   Skills:
 + Level 3.1 Fighting
 * Level 2.1 Axes
 + Level 2.8 Armour
 + Level 0.3 Dodging
 + Level 2.8 Shields


You had one spell level left.
You didn't know any spells.
Your spell library was empty.

Dungeon Overview and Level Annotations

Branches:
Dungeon (2/15)

Altars:

Annotations:
D:2 Terence


Innate Abilities, Weirdness & Mutations

You are partially covered in large bone plates. (SH +4)


Message History

You feel aware of your surroundings.
You sensed 1 altar.
It was a scroll of magic mapping.
Unknown command.
You block the endoplasm's attack.
Unknown command.
Your scale mail prevents you from hitting the endoplasm.
The endoplasm freezes you.
You are frozen.
You block the endoplasm's attack.
Unknown command.
You hit the endoplasm.
The endoplasm is severely wounded.
The endoplasm freezes you.
You are frozen.
The endoplasm hits you.
Unknown command.
You slash the endoplasm!
You kill the endoplasm!
You block Terence's attack. You block Terence's attack.
Unknown command.
You slash Terence!
Terence is moderately wounded.
You block Terence's attack. Terence hits you with a +0 trident.
You are too injured to fight recklessly!
You are too injured to fight recklessly!
Unknown command.
You are too injured to fight recklessly!
You closely miss Terence.
Terence is moderately wounded.
You block Terence's attack. Terence hits you with a +0 trident.
You slash Terence!
Terence is severely wounded.
Terence hits you with a +0 trident.
Your shield and scale mail prevent you from hitting Terence.
Terence is severely wounded.
You block Terence's attack. Terence hits you with a +0 trident.
* * * LOW HITPOINT WARNING * * *
You barely miss Terence.
Terence is severely wounded.
You block Terence's attack. Terence hits you with a +0 trident!
You die...

,,,*,,,,,*##.#,**,,,,,,,,,,,,,***
,,,***,*,,,....,,,*,**.#***,*,***
**** *,****#...****,*#.# *,*,,,*
*,* #...,,<,,...#***,,,,,*
******,**###...#####.#..,,,****,,
*,,,,,,*,...............,,,* ***
,,,,,,,,,...............,,,******
,,,,,,,,,...............,,,,,,,,,
,,,<,,,,,.......@.......,,,,*****
,,,,,,,,,....?..@.......,,,,* *
,,,,,,,,,...............,,,,* *
,,,,,,,,,...........$...,,,,* **
,,,,,,,,,.###...........,,,,* *,
,,,,,,,,*,,.............,,,** *,
,,,,,,,,,*#..)......#...,,** **,
,,,,,,,,,*#.###......###,** ***,,
,,,,,,,,,*..* ######..,,,,***,,,*


You could see Terence.

Vanquished Creatures
  2 endoplasms
  2 hobgoblins (D:1)
  A quokka (D:1)
  A ball python (D:1)
  2 frilled lizards (D:1)
  2 kobolds (D:1)
10 creatures vanquished.

Notes
Turn   | Place    | Note
-------+----------+-------------------------------------------
     0 | D:1      | Sin92 the Demonspawn Fighter began the quest for the Orb.
     0 | D:1      | Reached XP level 1. HP: 18/18 MP: 1/1
   460 | D:1      | Found a faded altar of an unknown god.
   781 | D:1      | Gained mutation: You are partially covered in large bone
                  | plates. (SH +4) [demonic ancestry]
   781 | D:1      | Reached XP level 2. HP: 24/24 MP: 2/2
   860 | D:2      | Noticed Terence
   872 | D:2      | Slain by Terence

Illustrated notes

Levels and vault maps discovered:
D:1:      wander_arrival_peaceful_grave, layout_loops_cross,
          shapermc_ecumenical_altar_hornbeckon
D:2:      layout_rooms, basic_altar, uniq_terence

Skill      XL: |  1 |
---------------+----+-----
Axes           | 2 |  2.1
Fighting       | |  3.1
Armour         | |  2.8
Dodging        | |  0.3
Shields        | |  2.8

Action                   || total
-------------------------++-------
Melee: War axe           ||    41
  Use: Scroll            ||     1
Armor: Scale mail        ||    13
Dodge: Dodged            ||    10
Block: Kite shield       ||    29

Table legend: (Time is in decaauts)
 A = Elapsed time spent in this place.
 B = Non-inter-level travel time spent in this place.
 C = Inter-level travel time spent in this place.
 D = Time resting spent in this place.
 E = Time spent auto-exploring this place.
 F = Levels seen in this place.
 G = Mean time per level.
                   A        B        C        D        E       F      G
               +--------+--------+--------+--------+--------+-----+--------+
         Total |    900 |    896 |      4 |      0 |    787 |   2 |  450.0 |
       Dungeon |    900 |    896 |      4 |      0 |    787 |   2 |  450.0 |
               +--------+--------+--------+--------+--------+-----+--------+

Top non-repeatable levels by time:
     D:1: 884 daAuts
     D:2: 16 daAuts
